 Dungeon Crawl Stone Soup version 0.27-a0-1196-g3e9cee4cb2 (webtiles) character file.

Game seed: 18005406789976882456

9741 mordus the Frost Mage (level 11, -3/74 HPs)
             Began as a Green Draconian Ice Elementalist on May 28, 2021.
             Was an Elder of Vehumet.
             Engulfed by Maggie's flame (18 damage)
             ... on level 8 of the Dungeon.
             The game lasted 00:41:58 (10258 turns).

mordus the Frost Mage (DrIE)                       Turns: 10258, Time: 00:42:02

Health: -3/74      AC: 26    Str: 10    XL:     11   Next: 27%
Magic:  10/23      EV: 12    Int: 19    God:    Vehumet [****..]
Gold:   618        SH:  0    Dex: 12    Spells: 9/26 levels left

rFire    . . .     SeeInvis .   i - staff of cold
rCold    + + .     Faith    .   (no shield)
rNeg     . . .     Spirit   .   (armour unavailable)
rPois    +         Reflect  .   (helmet restricted)
rElec    .         Harm     .   g - +2 cloak
rCorr    .         Rampage  .   p - +0 pair of gloves
Will     .....                  q - +1 pair of boots
Stlth    ++........             (no amulet)
HPRegen  0.22/turn              d - ring of protection from cold
MPRegen  0.18/turn              u - +4 ring of protection

@: ice-armoured, short of breath, freezing walls, mesmerised
A: breathe noxious fumes, AC +7, unfitting armour, poison resistance,
cold-blooded
a: Breathe Noxious Fumes, Renounce Religion


You were on level 8 of the Dungeon.
You worshipped Vehumet.
Vehumet was greatly pleased with you.
You visited 1 branch of the dungeon, and saw 8 of its levels.

You collected 618 gold pieces.

Inventory:

Hand Weapons
 a - a +2 whip of venom
Missiles
 y - 2 throwing nets
 B - a curare-tipped dart
Armour
 g - a +2 cloak (worn)
 p - a +0 pair of gloves (worn)
 q - a +1 pair of boots (worn)
Magical Staves
 i - a staff of cold (weapon)
 x - a staff of fire
Jewellery
 d - a ring of protection from cold (left hand)
 m - a ring of protection from cold
 u - a +4 ring of protection (right hand)
Wands
 j - a wand of polymorph (5)
 w - a wand of flame (61)
Scrolls
 c - a scroll of vulnerability
 f - 10 scrolls of identify
 h - 4 scrolls of teleportation
 t - a scroll of enchant weapon
 C - a scroll of magic mapping {unknown}
Potions
 b - 3 potions of curing {unknown}
 e - 2 potions of heal wounds
 k - a potion of degeneration {unknown}
 l - a potion of attraction {unknown}
 n - 2 potions of brilliance {unknown}
 o - 2 potions of lignification {unknown}
 r - a potion of might {unknown}
 s - 2 potions of magic {unknown}
 v - 2 potions of invisibility {unknown}
 z - a potion of haste {unknown}
 A - a potion of flight {unknown}


   Skills:
 + Level 8.0 Staves
 - Level 1.7 Dodging
 - Level 1.7 Stealth
 + Level 8.0 Spellcasting
 + Level 6.9 Conjurations
 + Level 9.4 Ice Magic
 + Level 0.1 Poison Magic
 + Level 7.7 Evocations


You had 9 spell levels left.
You knew the following spells:

 Your Spells              Type           Power      Damage    Failure   Level
a - Freeze                Ice            100%       1d11      1%          1
b - Frozen Ramparts       Ice            100%       1d12      1%          3
c - Ozocubu's Armour      Ice            60%        N/A       1%          3
d - Searing Ray           Conj           66%        3d5       1%          2
e - Hailstorm             Conj/Ice       55%        3d12      1%          4
f - Olgreb's Toxic Radia  Pois           8%         N/A       22%         4

Your spell library contained the following spells:

 Spells                   Type           Power      Damage    Failure   Level
 Stone Arrow              Conj/Erth      40%        3d9       1%          3
 Poisonous Vapours        Pois/Air       14%        N/A       3%          2
 Mephitic Cloud           Conj/Pois/Air  16%        N/A       3%          3
 Ignite Poison            Fire/Tmut/Pois 7%         N/A       7%          3
 Inner Flame              Hex/Fire       7%         N/A       7%          3
 Corona                   Hex            7%         N/A       9%          1
 Sting                    Tmut/Pois      28%        1d4       9%          1
 Slow                     Hex            7%         N/A       14%         2
 Confusing Touch          Hex            7%         N/A       26%         3
 Gell's Gravitas          Tloc           3%         N/A       26%         3
 Portal Projectile        Hex/Tloc       14%        N/A       26%         3
 Metabolic Englaciation   Hex/Ice        19%        N/A       36%         5
 Yara's Violent Unravell  Hex/Tmut       3%         3d4       50%         5
 Cause Fear               Hex            3%         N/A       65%         4
 Leda's Liquefaction      Hex/Erth       3%         N/A       65%         4
 Petrify                  Tmut/Erth      7%         N/A       65%         4


Dungeon Overview and Level Annotations

Branches:
Dungeon (8/15)             Temple (0/1) D:5
   Lair: D:8-11

Altars:
Ashenzari
Cheibriados
Dithmenos
Elyvilon
Gozag
Kikubaaqudgha
Nemelex Xobeh
Okawaru
Trog
Uskayaw
Vehumet
Wu Jian
Xom
Zin

Shops:
D:4 :

Annotations:
D:8 Maggie


Innate Abilities, Weirdness & Mutations

You can breathe blasts of noxious fumes.
Your lurid green scales are hard. (AC +7)
You cannot fit into any form of body armour.
Your system is resistant to poisons. (rPois)
You are cold-blooded and may be slowed by cold attacks.


Message History

You hear an angry hiss.
Casting: Frozen Ramparts (safe; 1% risk of failure)
Confirm with . or Enter, or press ? or * to list all spells.
You feel a surge of power! A film of ice covers your body!
You are engulfed in blazing flames.
You hear an angry growl.
You hear a shout!
Maggie resists.
The wall freezes Maggie.
Maggie casts a spell at you. The bolt of fire misses you.
The tree burns like a torch!
The heat melts your icy armour.
Casting: Ozocubu's Armour (safe; 1% risk of failure)
Confirm with . or Enter, or press ? or * to list all spells.
Aiming: Searing Ray (safe; 1% risk of failure)
Press: ? - help, Shift-Dir - straight line, f - Maggie
Aim: Maggie, wielding the +9 lance "Wyrmbane" {slay drac, rPois rF+ rC+ AC+3} and wearing +0 steam dragon scales (severely wounded, mesmerising, 81% to hit)
The searing ray hits Maggie.
Maggie is severely wounded.
The searing ray hits the skeletal warrior.
The skeletal warrior is lightly damaged.
The searing ray hits the hornet.
The hornet is moderately wounded. (Press . to maintain the ray.)
You are engulfed in blazing flames.
* * * LOW HITPOINT WARNING * * *
You hear an angry hiss.
Maggie resists.
The wall freezes Maggie.
The hornet is engulfed in noxious fumes.
The hornet appears confused.
The hornet barely misses the skeletal warrior.
A steam dragon comes into view.
You hear an angry growl.
The heat melts your icy armour.
The searing ray hits Maggie.
Maggie is almost dead.
The searing ray hits the skeletal warrior but does no damage.
The skeletal warrior is lightly damaged.
The searing ray hits the hornet!
The hornet is severely wounded.
You are engulfed in blazing flames.
You die...

.........'<8>'..♣.)))≈≈≈..)..#
♣♣♣♣♣...♣♣...♣♣♣.♣♣♣.≈≈≈.#..##
♣♣ ♣♣.♣♣#.).# ♣.♣ #♣...♣#.##
.♣♣ ######)###### ♣♣.♣♣#.#
♣.♣# ♣...........♣♣ ♣...♣#.#
♣♣.#♣.###########.♣#♣♣.♣♣#.#
♣.♣# +..#♣...♣#.# .♣♣
#########§♣#♣♣.♣♣#.# ####
..○y○z@○@§§#######.### ...#
###D########...>##...## ...#
#..#..#....# ...# ####.....###
...# #.......## ...# #..#..###
...# ####..### ############
#########....#
####.......####..........###


You could see a skeletal warrior, Maggie (mesmerising), a hornet (confused) and
a steam dragon.

Vanquished Creatures
  A boulder beetle (D:8)
  A hydra (D:8)
  A centaur warrior (D:8)
  A catoblepas (D:8)
  A two-headed ogre (D:8)
  Pikel (D:5)
  A cyclops (D:8)
  A kobold demonologist (D:8)
  A troll (D:7)
  A slime creature (D:8)
  A yak (D:8)
  A wyvern (D:8)
  3 steam dragons
  Edmund (D:5)
  4 water moccasins
  Duvessa (D:5)
  An ice beast (D:8)
  A black bear (D:6)
  A sky beast (D:7)
  2 orc warriors
  A necrophage (D:4)
  5 ogres
  A lemure (D:5)
  3 centaurs
  2 kobold brigands (D:8)
  Blork the orc (D:5)
  4 bullfrogs
  6 scorpions
  3 wyvern zombies (D:8)
  Dowan (D:5)
  A wyvern skeleton (D:7)
  6 killer bees (D:7)
  A wight (D:8)
  A howler monkey (D:6)
  A bullfrog zombie (D:3)
  A centaur zombie (D:7)
  3 hounds
  A jelly (D:8)
  2 orc priests
  2 gnoll shamans (D:8)
  A bullfrog skeleton (D:4)
  3 iguanas
  Natasha (thrice) (D:3)
  3 orc wizards
  A killer bee zombie (D:5)
  A hound zombie (D:5)
  A hound skeleton (D:5)
  A howler monkey zombie (D:5)
  A howler monkey skeleton (D:7)
  28 gnolls
  3 adders
  2 white imps (D:8)
  An adder skeleton (D:4)
  A worm (D:2)
  2 dart slugs
  24 orcs
  9 endoplasms
  5 giant cockroaches
  38 goblins
  19 hobgoblins
  6 jackals
  A quokka (D:2)
  4 ball pythons
  4 bats
  3 frilled lizards
  10 kobolds
  5 rats
252 creatures vanquished.

Vanquished Creatures (others)
  2 plants (D:8)
2 creatures vanquished.

Grand Total: 254 creatures vanquished

Notes
Turn   | Place    | Note
-------+----------+-------------------------------------------
     0 | D:1      | mordus the Draconian Ice Elementalist began the quest for
                  | the Orb.
     0 | D:1      | Reached XP level 1. HP: 14/14 MP: 3/3
   280 | D:1      | Reached XP level 2. HP: 20/20 MP: 3/5
   412 | D:1      | Found a faded altar of an unknown god.
   882 | D:1      | Reached XP level 3. HP: 25/26 MP: 7/7
   886 | D:1      | Learned a level 3 spell: Frozen Ramparts
   890 | D:1      | Learned a level 3 spell: Ozocubu's Armour
  1032 | D:1      | Found a shadowy altar of Dithmenos.
  1155 | D:2      | Found an iron altar of Okawaru.
  1743 | D:2      | Identified a scroll of acquirement
  1743 | D:2      | Acquired a staff of cold
  1814 | D:3      | Reached skill level 5 in Ice Magic
  1814 | D:3      | Reached XP level 4. HP: 3/33 MP: 8/8
  2183 | D:3      | Reached skill level 1 in Staves
  2238 | D:3      | Reached XP level 5. HP: 37/38 MP: 7/10
  2288 | D:3      | Found an iron altar of Okawaru.
  2394 | D:3      | Found a radiant altar of Vehumet.
  2401 | D:3      | Became a worshipper of Vehumet
  2713 | D:3      | Found a shadowy altar of Dithmenos.
  2756 | D:3      | Noticed Natasha
  2762 | D:3      | Killed Natasha
  2851 | D:3      | Noticed Natasha
  2854 | D:3      | Killed Natasha
  2891 | D:3      | Found a shimmering altar of Xom.
  2891 | D:3      | Found an ornate altar of the Wu Jian Council.
  2892 | D:3      | Found a snail-covered altar of Cheibriados.
  2892 | D:3      | Found a broken altar of Ashenzari.
  2894 | D:3      | Found a white marble altar of Elyvilon.
  2894 | D:3      | Found a hide-covered altar of Uskayaw.
  2919 | D:3      | Noticed Natasha
  2922 | D:3      | Killed Natasha
  3202 | D:4      | Reached skill level 1 in Evocations
  3212 | D:4      | HP: 1/38 [orc priest/divine providence (14)]
  3536 | D:4      | Noticed a centaur
  3545 | D:4      | Killed a centaur
  3546 | D:4      | Reached XP level 6. HP: 35/45 MP: 7/11
  4181 | D:4      | Found Tuschente's Book Shop.
  4189 | D:4      | Noticed a water moccasin
  4199 | D:4      | Killed a water moccasin
  4200 | D:4      | Your scales start taking on a lurid green colour.
  4200 | D:4      | Reached XP level 7. HP: 24/50 MP: 3/13
  4200 | D:4      | Gained mutation: Your system is resistant to poisons.
                  | (rPois) [Green Draconian growth]
  4392 | D:4      | Reached * piety under Vehumet
  4392 | D:4      | Offered knowledge of Shock by Vehumet.
  4466 | D:4      | Reached skill level 6 in Ice Magic
  4547 | D:4      | Found a bloodstained altar of Trog.
  5258 | D:4      | Offered knowledge of Searing Ray by Vehumet.
  5258 | D:4      | Reached ** piety under Vehumet
  5266 | D:4      | Learned a level 2 spell: Searing Ray
  5575 | D:5      | Entered Level 5 of the Dungeon
  5587 | D:5      | Reached skill level 1 in Conjurations
  5684 | D:5      | Noticed Edmund
  5694 | D:5      | Killed Edmund
  5695 | D:5      | Reached skill level 5 in Spellcasting
  5695 | D:5      | Reached XP level 8. HP: 38/57 MP: 8/15
  5800 | D:5      | Noticed Pikel
  5816 | D:5      | Killed Pikel
  5818 | D:5      | Noticed Duvessa
  5818 | D:5      | Noticed Dowan
  5829 | D:5      | Killed Duvessa
  5830 | D:5      | Reached skill level 7 in Ice Magic
  5836 | D:5      | Killed Dowan
  5961 | D:5      | Found an ornate altar of the Wu Jian Council.
  5991 | D:5      | Reached skill level 5 in Staves
  6064 | D:5      | Noticed Blork the orc
  6076 | D:5      | Killed Blork the orc
  6139 | D:5      | Offered knowledge of Inner Flame by Vehumet.
  6140 | D:5      | Reached XP level 9. HP: 51/62 MP: 15/17
  6340 | D:5      | Found a staircase to the Ecumenical Temple.
  6560 | D:5      | Reached skill level 5 in Evocations
  7255 | D:6      | Reached *** piety under Vehumet
  7326 | D:6      | Found an opulent altar of Gozag.
  7656 | D:7      | Identified the +5 hunting sling of Guile {vorpal, rElec
                  | Str-4 Int+3}
  7735 | D:7      | Noticed a troll
  7744 | D:7      | Killed a troll
  7855 | D:7      | Offered knowledge of Fulminant Prism by Vehumet.
  7856 | D:7      | Reached skill level 8 in Ice Magic
  7864 | D:7      | Learned a level 4 spell: Hailstorm
  8032 | D:7      | Found a glowing silver altar of Zin.
  8124 | D:7      | Reached skill level 5 in Conjurations
  8124 | D:7      | Reached XP level 10. HP: 19/69 MP: 20/20
  8599 | D:8      | Identified the +9 plate armour of Day {Will+ Regen+ Dex+2}
  8672 | D:8      | Found an opulent altar of Gozag.
  8983 | D:8      | Found a sparkling altar of Nemelex Xobeh.
  8983 | D:8      | Found an ancient bone altar of Kikubaaqudgha.
  9250 | D:8      | Noticed a two-headed ogre
  9263 | D:8      | Killed a two-headed ogre
  9478 | D:8      | Found a hide-covered altar of Uskayaw.
  9563 | D:8      | Noticed a catoblepas
  9565 | D:8      | Noticed a cyclops
  9572 | D:8      | Killed a cyclops
  9573 | D:8      | Killed a catoblepas
  9573 | D:8      | Reached **** piety under Vehumet
  9574 | D:8      | Reached skill level 9 in Ice Magic
  9577 | D:8      | Noticed a centaur warrior
  9579 | D:8      | Noticed a four-headed hydra
  9580 | D:8      | Noticed a boulder beetle
  9588 | D:8      | Killed a four-headed hydra
  9588 | D:8      | Offered knowledge of Stone Arrow by Vehumet.
  9589 | D:8      | Reached XP level 11. HP: 53/74 MP: 10/22
  9590 | D:8      | Killed a centaur warrior
  9607 | D:8      | Killed a boulder beetle
  9876 | D:8      | Learned a level 4 spell: Olgreb's Toxic Radiance
  9962 | D:8      | Found a broken altar of Ashenzari.
 10246 | D:8      | Noticed Maggie
 10253 | D:8      | Noticed a skeletal warrior
 10258 | D:8      | Engulfed by Maggie's flame

Illustrated notes

Levels and vault maps discovered:
D:1:      dpeg_arrival_lava_altar, layout_rooms,
          shapermc_ecumenical_altar_totnotflames, minmay_stone_trees_small,
          nrook_uturn, serial_bayou_pond_b, minmay_close_crescents
D:2:      layout_basic, basic_altar
D:3:      layout_loops_ring, okawaru_ov_weapons_minmay, doesnt_xom_only_xom,
          fiery_altar_vehumet, nicolae_overflow_crystal_walls, uniq_natasha
D:4:      minmay_goblin_kobold_castle, layout_gridville, lemuel_tele_altar,
          serial_shops, shop_fountains, chequers_ossuary_entry_cave,
          minmay_cupped
D:5:      layout_rooms, kennysheep_mini_moat, temple_doors_cd,
          kennysheep_cluttered_room, chequers_serial_rivers_marsh, uniq_duvessa,
          uniq_blork_the_orc, uniq_edmund, uniq_pikel
D:6:      layout_basic, minmay_ruined_shrine
D:7:      layout_gridville, zin_academy
D:8:      nzn_winding_woodlands_stair_cross
          [nzn_winding_woodlands_5x15_sawtooth,
          nzn_winding_woodlands_center_pierced_h,
          nzn_winding_woodlands_5x15_lazy_stream,
          nzn_winding_woodlands_5x5_open_star, nzn_winding_woodlands_5x5_cross,
          nzn_winding_woodlands_5x15_longhouse,
          nzn_winding_woodlands_center_garden, nzn_winding_woodlands_5x15_pool],
          layout_cave_pools, marbit_many_paths, lemuel_round_altar,
          jmf_multi_god_temple, lemuel_coloured_pillars_altar, uniq_maggie

Skill      XL: |  1  2  3  4  5  6  7  8  9 10 11 |
---------------+----------------------------------+-----
Spellcasting   | 3 4 5 6 7 8 |  8.0
Ice Magic      | 5 6 7 8 9 |  9.4
Staves         | 1 2 3 4 5 6 7 8 |  8.0
Evocations     | 1 2 3 4 6 7 |  7.7
Conjurations   | 1 3 5 6 |  6.9
Dodging        | |  1.7
Stealth        | |  1.7
Poison Magic   | |  0.1

Action                   |  1- 3 |  4- 6 |  7- 9 | 10-12 || total
-------------------------+-------+-------+-------+-------++-------
Melee: Whip              |   106 |       |       |       ||   106
       Tailslap          |    11 |     1 |    19 |    14 ||    45
       Staff             |    25 |    47 |   205 |    72 ||   349
 Cast: Freeze            |     8 |    19 |    11 |     9 ||    47
       Frozen Ramparts   |     1 |     9 |    29 |    15 ||    54
       Ozocubu's Armour  |       |     2 |     5 |     3 ||    10
       Searing Ray       |       |       |       |    11 ||    11
       Hailstorm         |       |       |       |     1 ||     1
 Abil: Breathe Noxious F |       |       |     6 |     3 ||     9
  Use: Scroll            |     4 |     1 |     2 |       ||     7
 Stab: Sleeping          |     2 |       |     1 |       ||     3
       Confused          |       |       |     1 |       ||     1
Armor: Skin              |    56 |    33 |   117 |    69 ||   275
Dodge: Dodged            |    69 |    66 |   143 |    80 ||   358

Table legend: (Time is in decaauts)
 A = Elapsed time spent in this place.
 B = Non-inter-level travel time spent in this place.
 C = Inter-level travel time spent in this place.
 D = Time resting spent in this place.
 E = Time spent auto-exploring this place.
 F = Levels seen in this place.
 G = Mean time per level.
                   A        B        C        D        E       F      G
               +--------+--------+--------+--------+--------+-----+--------+
         Total |  10288 |  10157 |    131 |   2841 |   5227 |   8 | 1286.0 |
       Dungeon |  10288 |  10157 |    131 |   2841 |   5227 |   8 | 1286.0 |
               +--------+--------+--------+--------+--------+-----+--------+

Top non-repeatable levels by time:
     D:4: 2162 daAuts
     D:8: 1691 daAuts
     D:3: 1659 daAuts
     D:5: 1091 daAuts
     D:1: 1082 daAuts
     D:6: 979 daAuts
     D:7: 914 daAuts
     D:2: 707 daAuts
